 Dungeon Crawl Stone Soup version 0.19-a0-1937-g70ed36a (webtiles) character file.

768 varam the Destroyer (level 7, -9/36 HPs)
             Began as a Deep Elf Conjurer on Oct 26, 2016.
             Mangled by Pikel
             ... wielding a +1 whip of electrocution
              (16 damage)
             ... on level 4 of the Dungeon.
             The game lasted 00:15:52 (5552 turns).

varam the Destroyer (Deep Elf Conjurer)             Turns: 5552, Time: 00:15:52

Health: -9/36      AC:  3    Str:  6      XL:     7   Next: 52%
Magic:  3/13       EV: 13    Int: 21      God:
Gold:   180        SH:  0    Dex: 13 (15) Spells: 3 memorised, 4 levels left

rFire  . . .     SeeInvis .     y - +0 flail (protect)
rCold  . . .     Gourm    .     a - +0 robe
rNeg   . . .     Faith    .     (no shield)
rPois  .         Spirit   .     (no helmet)
rElec  .         Reflect  .     (no cloak)
rCorr  .         Harm     .     o - +0 pair of gloves
MR     .....                    (no boots)
Stlth  ++........               (no amulet)
                                (no ring)
                                (no ring)

@: exhausted, very slightly contaminated, slowed, very slow
A: no striking features
a: no special abilities


You were on level 4 of the Dungeon.
You were very hungry.

You visited 1 branch of the dungeon, and saw 5 of its levels.

You collected 180 gold pieces.

Inventory:

Hand Weapons
 u - a +0 hand axe of freezing
 y - a +0 flail of protection (weapon)
Armour
 a - a +0 robe (worn)
 o - a +0 pair of gloves (worn)
Jewellery
 z - an uncursed ring of positive energy {unknown}
Scrolls
 e - 2 scrolls of identify {@r1}
 f - 2 scrolls of amnesia
 g - 2 scrolls of remove curse {@r2}
 l - a scroll of fog
 q - a scroll of magic mapping {unknown}
 s - 2 scrolls of teleportation {unknown}
 v - a scroll of enchant armour {unknown}
Potions
 d - 3 potions of ambrosia {unknown}
 h - a potion of invisibility {unknown}
 i - a potion of degeneration {unknown}
 p - a potion of cancellation {unknown}
 r - 2 potions of berserk rage
 w - a potion of lignification {unknown}
Books
 b - a book of Conjurations

   Spells                             Type                      Level
   a - Magic Dart                     Conjuration                  1
   b - Searing Ray                    Conjuration                  2
   c - Dazzling Spray                 Conjuration/Hexes            3
   d - Fulminant Prism                Conjuration/Hexes            4
   e - Iskenderun's Mystic Blast      Conjuration                  4
   f - Iskenderun's Battlesphere      Conjuration/Charms           5
Comestibles
 c - 4 bread rations
 j - a meat ration
 k - a slice of pizza
 n - 3 beef jerkies


   Skills:
 - Level 2.4 Dodging
 - Level 2.4 Stealth
 - Level 3.0 Spellcasting
 + Level 8.9 Conjurations
 + Level 6.3 Charms


You had 4 spell levels left.
You knew the following spells:

 Your Spells              Type           Power        Failure   Level  Hunger
a - Magic Dart            Conj           ####         1%          1    None
c - Searing Ray           Conj           #####.       1%          2    ##.....
e - Iskenderun's Battles  Conj/Chrm      #####...     21%         5    ######.


Dungeon Overview and Level Annotations

Branches:
Dungeon (5/15)
 Temple: D:4-7

Altars:
Hepliaklqana
Xom

Annotations:
D:4 1 runed door, Edmund, Pikel
D:5 Eustachio


Message History

The quasit misses you.
Blink to where?
Press: ? - help, Dir - move target cursor You are very lightly contaminated with residual magic.
As you read the scroll labeled GUCWYXT BEYF, it crumbles to dust.
It was a scroll of blinking.
The shadow imp disappears in a puff of smoke!
The iron imp laughs crazily.
Eustachio screams, "At last I'll have my revenge!"
Eustachio gestures wildly while chanting.
There is a stone staircase leading up here.
The iron imp disappears in a puff of smoke!
Eustachio mumbles some strange words.
You climb upwards.
Level annotation: 1 runed door, Edmund, Pikel Pikel misses you.
The slave barely misses you.
Pikel hits you with a whip of electrocution.
* * * LOW HITPOINT WARNING * * *
You are electrocuted!
You die...

# #<# #..#####.....# #### ###
#..#####.##### ...# #..#.......#
#.## #..#.###.#.# ...#
##########..#.# #.#.# ...##
#........#....###.#.#
....#####........#......#.#.#
.................#....#.#.#.#
..........p.@..p@K.....<#.#.#####
...........#####.#.#....#.#.....#
..#........# #.#.#..###.#####.#
..#........# #.#.#..# #........
..#........# #.#.#..###########
[@###+##+#.#####+#.###....# ..#
#.##...........# #.##.# #.#
#..............###.##.# #.#
##.................##(#


You could see Edmund, Pikel and 2 slaves.

Vanquished Creatures
  Menkaure (D:5)
  The ghost of BenSoosneb the Slasher, an amateur HEGl (D:3)
  2 slaves
  An ogre (D:4)
  A scorpion (D:4)
  A bullfrog zombie (D:5)
  2 hounds (D:4)
  An orc priest (D:3)
  2 orc wizards (D:3)
  A worker ant (D:4)
  A hound skeleton (D:4)
  6 adders
  An ooze (D:3)
  4 worms
  2 dart slugs (D:1)
  2 leopard geckos
  15 orcs
  2 ball pythons
  5 giant cockroaches
  10 goblins
  7 hobgoblins
  6 jackals
  6 kobolds
  3 quokkas
  8 bats
  6 frilled lizards
  12 rats
109 creatures vanquished.

Notes
Turn   | Place    | Note
-------+----------+-------------------------------------------
     0 | D:1      | varam the Deep Elf Conjurer began the quest for the Orb.
     0 | D:1      | Reached XP level 1. HP: 10/10 MP: 6/6
   339 | D:1      | Reached skill level 5 in Conjurations
   339 | D:1      | Reached XP level 2. HP: 15/15 MP: 2/8
   968 | D:1      | Reached XP level 3. HP: 19/19 MP: 7/9
  1139 | D:1      | Learned a level 2 spell: Searing Ray
  1521 | D:2      | Reached skill level 6 in Conjurations
  1563 | D:2      | Found a shimmering altar of Xom.
  1564 | D:2      | Found a hazy altar of Hepliaklqana.
  1564 | D:2      | Noticed an insubstantial wisp
  1565 | D:2      | Noticed an insubstantial wisp
  1565 | D:2      | Noticed a spectral ugly thing
  1652 | D:2      | Reached XP level 4. HP: 24/24 MP: 7/10
  2438 | D:3      | Found a faded altar of an unknown god.
  2641 | D:3      | Reached skill level 7 in Conjurations
  2641 | D:3      | Reached XP level 5. HP: 17/28 MP: 5/11
  2851 | D:3      | Learned a level 5 spell: Iskenderun's Battlesphere
  2876 | D:3      | Reached skill level 1 in Charms
  3157 | D:4      | Noticed an ogre
  3170 | D:5      | Entered Level 5 of the Dungeon
  3223 | D:3      | Noticed BenSoosneb's ghost (amateur HEGl)
  3273 | D:4      | Reached XP level 6. HP: 32/32 MP: 7/12
  3415 | D:4      | Found a runed door.
  3746 | D:4      | Noticed a slave
  3782 | D:5      | Noticed Menkaure
  3910 | D:4      | Reached skill level 8 in Conjurations
  4136 | D:3      | Killed BenSoosneb's ghost
  4136 | D:3      | Reached skill level 5 in Charms
  4136 | D:3      | Reached XP level 7. HP: 36/36 MP: 6/13
  4965 | D:4      | Noticed Edmund
  5044 | D:4      | Noticed Pikel
  5371 | D:5      | Killed Menkaure
  5514 | D:5      | Noticed Eustachio
  5552 | D:4      | Mangled by Pikel

Vault maps used:
D:1:      elethiomel_arrival_fortress_basement
D:2:      regret_index_temple_of_mockery
D:3:      ecumenical_altar_2, hangedman_decor_lopped
D:4:      first_bread, uniq_edmund, uniq_pikel, uniq_crazy_yiuf_cottage
D:5:      cheibrodos_two_vegetables, dancing_weapons_uskayaw, serial_shops,
          shop, kennysheep_generic_room_15, uniq_eustachio, uniq_menkaure,
          uniq_sigmund

Skill      XL: |  1  2  3  4  5  6  7 |
---------------+----------------------+-----
Conjurations   | 5 6 7 8 |  8.9
Charms         | 2 5 6 |  6.3
Dodging        | |  2.4
Stealth        | |  2.4
Spellcasting   | |  3.0

Action                   |  1- 3 |  4- 6 |  7- 9 || total
-------------------------+-------+-------+-------++-------
Melee: Unarmed           |     1 |       |       ||     1
       Hand axe          |       |     1 |       ||     1
       Flail             |       |       |    16 ||    16
 Cast: Magic Dart        |    69 |    59 |    37 ||   165
       Searing Ray       |     6 |    16 |    10 ||    32
  Use: Scroll            |       |       |     4 ||     4
       Potion            |       |       |     2 ||     2
  Eat: Chunk             |     2 |     4 |     3 ||     9
       Meat ration       |       |     1 |       ||     1
Armor: Robe              |     6 |     1 |     9 ||    16
Dodge: Dodged            |    12 |    12 |    35 ||    59
